 Dungeon Crawl Stone Soup version 0.30-a0-1103-g25895a7845 (webtiles) character file.

Game seed: 10696597358041384328

143 demibob the Cudgeller (level 5, -4/37 HPs)
             Began as a Demonspawn Wanderer on Apr 18, 2023.
             Was an Initiate of Ashenzari.
             Slain by an orc
             ... wielding a +0 morningstar
              (11 damage)
             ... on level 3 of the Dungeon.
             The game lasted 00:03:20 (2894 turns).

demibob the Cudgeller (Demonspawn Wanderer)         Turns: 2894, Time: 00:03:20

Health: -4/37      AC:  2    Str: 15    XL:     5   Next: 4%
Magic:  6/6        EV: 11    Int: 13    God:    Ashenzari [......]
Gold:   62         SH:  4    Dex: 12    Spells: 6/6 levels left

rFire   + . .      SeeInvis +    a - +2 mace
rCold   + . .      Faith    .    (no shield)
rNeg    . . .      Spirit   .    e - +0 robe
rPois   .          Reflect  .    (helmet unavailable)
rElec   .          Rampage  .    (no cloak)
rCorr   .                        (no gloves)
Will    .....                    (no boots)
Stlth   +                        (no amulet)
HPRegen 0.26/turn                F - ring of protection from fire
MPRegen 0.10/turn                (no ring)

@: attractive, unable to drink
A: antennae 3, condensation shield, cold resistance 1, inability to drink after
injury 1
a: Renounce Religion, Curse Item


You were on level 3 of the Dungeon.
You worshipped Ashenzari.
Ashenzari was noncommittal.
You visited 1 branch of the dungeon, and saw 3 of its levels.

You collected 62 gold pieces.


Innate Abilities, Weirdness & Mutations

You have a pair of large antennae on your head. (SInv)
A meltable shield of frost defends you. (SH +4)
Your flesh is cold resistant. (rC+)
You occasionally lose the ability to drink potions when taking damage.


   Skills:
 - Level 1.0 Fighting
 + Level 5.8 Maces & Flails
 - Level 1.0 Armour
 - Level 1.0 Unarmed Combat
 - Level 1.0 Spellcasting
 - Level 2.0 Evocations


You had 6 spell levels left.
You didn't know any spells.
Your spell library was empty.

Inventory:

Hand Weapons
 a - a +2 mace (weapon)
Missiles
 m - 2 throwing nets {=f}
Armour
 e - a +0 robe (worn)
 i - a +1 pair of boots
Jewellery
 f - a ring of protection from fire
 F - a ring of protection from fire (left hand)
 W - a ring of willpower
Wands
 c - a wand of flame (7) (quivered)
Scrolls
 b - a scroll of fog
 g - 3 scrolls of identify {@r1}
 h - a scroll of fear
 k - 2 scrolls of poison
Potions
 o - a potion of curing {@q1}

Dungeon Overview and Level Annotations

Branches:
Dungeon (3/15)

Altars:
Ashenzari
Ru
Vehumet

Annotations:
D:3 2 transporters, Zvl3's ghost, amateur DrCj

8.▒..l▒S8▒....#.#.#........#.....
...▒.▒...▒....#...#.######.#.....
.........▒..#..####.#......#.....
(...©....▒©.........#.######.#...
(......r.▒..##..#####.####...#...
$..▒.▒...▒..............#..##░░░░
8.▒...▒.8▒..#####.###.#...#░░░..⚑
▒......©▒▒.....)o......)#░░░.....
▒▒▒▒▒▒▒▒▒......o@................
..............###)...............
...............####.........###..
......##..........###.....### ##.
.####..#.#)........>####### #. .#
##.#.#.##.#........# #. #.
#...{{..#.#(.......# ## ##
#...oo..#.#........#
#...))..#.#######'###########


You could see an orc priest and an orc.


Message History

The orc shouts!
The orc priest shouts!
You hear a shout!
The orc hits you with a +0 morningstar.
You sock the orc priest!
The orc priest is severely wounded.
The orc hits you but does no damage.
The orc priest hits you with a +0 flail!
* * * LOW HITPOINT WARNING * * *
The orc priest is attracted toward you.
You are too injured to fight recklessly!
You are too injured to fight recklessly!
You thump the orc priest!
You kill the orc priest!
You have reached level 5!
Your demonic ancestry asserts itself...
Frost condenses into a shield before you.
You hit the orc priest but do no damage.
The orc priest hits you with a +0 whip.
You feel threatened and lose the ability to drink potions!
* * * LOW HITPOINT WARNING * * *
The orc closely misses you.
You barely miss the orc priest. The orc hits you with a +0 morningstar.
* * * LOW HITPOINT WARNING * * *
The orc priest closely misses you.
You closely miss the orc priest. The orc priest hits you with a +0 whip.
* * * LOW HITPOINT WARNING * * *
The orc barely misses you.
You hit the orc priest.
The orc priest is moderately wounded.
The orc hits you with a +0 morningstar!
You die...

Skill      XL: |  1  2  3 |
---------------+----------+-----
Maces & Flails | 4 5 |  5.8
Fighting       | |  1.0
Armour         | |  1.0
Unarmed Combat | |  1.0
Spellcasting   | |  1.0
Evocations     | |  2.0

Action                     |  1- 3 |  4- 6 || total
---------------------------+-------+-------++-------
  Melee: Mace              |   104 |    44 ||   148
         Punch             |     1 |       ||     1
    Use: Scroll            |     2 |     4 ||     6
         Potion            |     2 |     2 ||     4
   Stab: Sleeping          |     2 |       ||     2
 Armour: Robe              |    16 |     4 ||    20
  Dodge: Dodged            |    56 |    28 ||    84

Levels and vault maps discovered:
D:1:      erik_arrival_orb_chamber, layout_basic
D:2:      layout_loops_corners, basic_altar
D:3:      layout_basic, nicolae_overflow_crystal_walls,
          nicolae_vehumet_altar_sigil, hellmonk_ecumenical_altar_zigzags,
          gammafunk_ghost_arena, wad_rectangle_vault

Notes
Turn   | Place    | Note
-------+----------+-------------------------------------------
     0 | D:1      | demibob the Demonspawn Wanderer began the quest for the
                  | Orb.
     0 | D:1      | demibob set off with the following items: a +2 mace, a
                  | scroll of fog, a wand of flame (7), a potion of haste
                  | {@q3}, a +0 robe.
     0 | D:1      | Reached XP level 1. HP: 15/15 MP: 2/2
   121 | D:1      | Reached skill level 4 in Maces & Flails
   121 | D:1      | Gained mutation: You have a pair of small antennae on your
                  | head. [demonic ancestry]
   121 | D:1      | Reached XP level 2. HP: 11/21 MP: 3/3
   585 | D:1      | Gained mutation: You have a pair of antennae on your head.
                  | [demonic ancestry]
   585 | D:1      | Reached XP level 3. HP: 23/26 MP: 4/4
  1139 | D:2      | Found a broken altar of Ashenzari.
  1775 | D:2      | Reached skill level 5 in Maces & Flails
  1855 | D:2      | Became a worshipper of Ashenzari the Shackled
  2240 | D:3      | Found a sacrificial altar of Ru.
  2292 | D:3      | Found a transporter.
  2369 | D:3      | Noticed Zvl3's ghost (amateur DrCj)
  2370 | D:3      | Noticed a water moccasin
  2393 | D:3      | Gained mutation: You have a pair of large antennae on your
                  | head. (SInv) [demonic ancestry]
  2393 | D:3      | Reached XP level 4. HP: 31/32 MP: 5/5
  2403 | D:3      | Found a transporter.
  2560 | D:3      | Found a radiant altar of Vehumet.
  2790 | D:3      | Found a faded altar of an unknown god.
  2867 | D:3      | Gained mutation: You occasionally lose the ability to drink
                  | potions when taking damage. [potion of mutation]
  2867 | D:3      | Gained mutation: Your flesh is cold resistant. (rC+)
                  | [potion of mutation]
  2891 | D:3      | Gained mutation: A meltable shield of frost defends you.
                  | (SH +4) [demonic ancestry]
  2891 | D:3      | Reached XP level 5. HP: 18/37 MP: 6/6
  2894 | D:3      | Slain by an orc

Vanquished Creatures
  2 orc priests (D:3)
  A gnoll (D:1)
  2 adders
  A worm (D:2)
  A dart slug (D:1)
  2 orcs (D:3)
  2 ball pythons (D:1)
  6 bats
  5 endoplasms
  2 giant cockroaches
  4 goblins
  4 hobgoblins
  5 kobolds
  5 quokkas
  3 frilled lizards
  9 rats
54 creatures vanquished.

Table legend: (Time is in decaauts)
 A = Elapsed time spent in this place.
 B = Non-inter-level travel time spent in this place.
 C = Inter-level travel time spent in this place.
 D = Time resting spent in this place.
 E = Time spent auto-exploring this place.
 F = Levels seen in this place.
 G = Mean time per level.
                   A        B        C        D        E       F      G
               +--------+--------+--------+--------+--------+-----+--------+
         Total |   2899 |   2883 |     16 |    234 |   2228 |   3 |  966.3 |
       Dungeon |   2899 |   2883 |     16 |    234 |   2228 |   3 |  966.3 |
               +--------+--------+--------+--------+--------+-----+--------+

Top non-repeatable levels by time:
     D:2: 1136 daAuts
     D:1: 1085 daAuts
     D:3: 677 daAuts

Table legend:
 A = Non-vault XP
 B = Vault XP
 C = Vault XP percentage of total XP
 D = Non-vault monster count
 E = Vault monster count
 F = Vault count percentage of total count
                 A         B        C        D         E       F
            +---------+---------+-------+---------+---------+-------
      Total |     205 |       0 |   0.0 |      54 |       0 |   0.0
            +---------+---------+-------+---------+---------+-------
        D:1 |      50 |       0 |   0.0 |      22 |       0 |   0.0
        D:2 |      33 |       0 |   0.0 |      11 |       0 |   0.0
        D:3 |     122 |       0 |   0.0 |      21 |       0 |   0.0
            +---------+---------+-------+---------+---------+-------
